 Dungeon Crawl Stone Soup version 0.31-a0-1099-g7fa767f3fe (webtiles) character file.

Game seed: 14602484224108368432

198 Gumption the Ruffian (level 5, -12/53 HPs)
             Began as a Troll Fighter on Dec 1, 2023.
             Killed by divine providence
             ... invoked by an orc priest
              (13 damage)
             ... on level 3 of the Dungeon.
             The game lasted 00:08:07 (1987 turns).

Gumption the Ruffian (Troll Fighter)                Turns: 1987, Time: 00:08:08

Health: -12/53     AC:  6    Str: 24    XL:     5   Next: 47%
Magic:  4/4        EV:  9    Int:  4    God:
Gold:   144        SH:  8    Dex: 11    Spells: 4/4 levels left

rFire   + .          .
                       - Unarmed
rCold   + . .        b - +0 kite shield
rNeg    . . .        n - +2 robe {rC+ rF+}
rPois   .            (helmet restricted)
rElec   .            (no cloak)
rCorr   .            (gloves unavailable)
SInv    .            (boots unavailable)
Will    .....        (no amulet)
Stlth   +            (no ring)
HPRegen 1.08/turn    (no ring)
MPRegen 0.09/turn

%: no passive effects
@: no status effects
A: large, unfitting armour, claws 3, regeneration 1, shaggy fur 1, tough skin 1
a: no special abilities


You were on level 3 of the Dungeon.
You visited 1 branch of the dungeon, and saw 3 of its levels.

You collected 144 gold pieces.

Inventory:

Missiles
 e - 12 stones
 h - 4 poisoned darts (quivered)
 j - 2 boomerangs
Armour
 b - a +0 kite shield (worn)
 n - a +2 robe of resistance (worn)
Jewellery
 i - a ring of protection from fire
Scrolls
 a - 2 scrolls of teleportation
 g - a scroll of immolation {unknown}
 k - a scroll of amnesia {unknown}
Potions
 c - a potion of might
 f - a potion of curing
 l - a potion of mutation


   Skills:
 + Level 3.2 Fighting
 - Level 2.4 Dodging
 + Level 3.6 Shields
 * Level 4.3 Unarmed Combat


You had 4 spell levels left.
You didn't know any spells.
Your spell library was empty.

Dungeon Overview and Level Annotations

Branches:
Dungeon (3/15)

Altars:


Innate Abilities, Weirdness & Mutations

You are too large for most types of armour.
You have claws for hands.
Your natural rate of healing is unusually fast.
You are covered in fur. (AC +1)
You have tough skin. (AC +1)


Message History

You scratch the orc.
The orc is heavily wounded.
You block the orc's attack.
You scratch the orc but do no damage.
The orc is heavily wounded.
You block the orc's attack.
You claw the orc!
You kill the orc!
You claw the orc!
You kill the orc!
The orc priest calls down the wrath of Beogh upon you.
Pain shoots through your body!
The orc priest calls down the wrath of Beogh upon you.
Beogh smites you!
* * * LOW HITPOINT WARNING * * *
Items here: )) [ †.
You barely miss the orc priest. You block the orc priest's attack.
You closely miss the orc priest.
The orc priest hits you with a +0 war axe.
* * * LOW HITPOINT WARNING * * *
You claw the orc priest!
The orc priest is severely wounded.
The orc priest mumbles some strange prayers to Beogh against you.
Pain shoots through your body!
* * * LOW HITPOINT WARNING * * *
You scratch the orc priest.
The orc priest is almost dead.
The orc priest looks braver for a moment.
You barely miss the orc priest.
The orc priest is almost dead.
The orc priest calls down the wrath of Beogh upon you.
Beogh smites you!
* * * LOW HITPOINT WARNING * * *
You barely miss the orc priest.
The orc priest is almost dead.
The orc priest hits you with a +0 war axe!
* * * LOW HITPOINT WARNING * * *
The orc priest mumbles some strange prayers to Beogh against you.
Beogh smites you!
You die...

#.# #.# #.# #.#
### #.# ..# #.#
#.# #.# #.# #.#
#o# #.# #@#
#.###########.#
#.............#
#############.#
###


You could see an orc priest.

Vanquished Creatures
  A scorpion (D:2)
  Jessica (D:2)
  Robin (D:2)
  3 adders
  2 orcs (D:3)
  8 ball pythons
  7 endoplasms
  5 giant cockroaches
  10 goblins
  6 hobgoblins
  3 kobolds
  4 quokkas
  5 bats
  4 frilled lizards (D:1)
  4 rats
64 creatures vanquished.

Notes
Turn   | Place    | Note
-------+----------+-------------------------------------------
     0 | D:1      | Gumption the Troll Fighter began the quest for the Orb.
     0 | D:1      | Reached XP level 1. HP: 22/22 MP: 0/0
   245 | D:1      | Reached XP level 2. HP: 28/29 MP: 1/1
   835 | D:2      | Reached XP level 3. HP: 36/36 MP: 2/2
   848 | D:2      | Reached skill level 3 in Unarmed Combat
  1354 | D:2      | Noticed Jessica
  1359 | D:2      | Killed Jessica
  1360 | D:2      | Reached XP level 4. HP: 34/44 MP: 3/3
  1513 | D:2      | Noticed Robin
  1534 | D:2      | Killed Robin
  1564 | D:2      | Noticed a scorpion
  1574 | D:2      | Killed a scorpion
  1575 | D:2      | Reached skill level 4 in Unarmed Combat
  1575 | D:2      | Reached XP level 5. HP: 53/53 MP: 4/4
  1987 | D:3      | HP: 1/53 [orc priest/+0 war axe (7)]
  1987 | D:3      | Killed from afar by an orc priest

Illustrated notes

Levels and vault maps discovered:
D:1:      lemuel_arrival_muddy, layout_basic
D:2:      layout_loops_corners, small_statue_intersection,
          nicolae_houndstooth_variations, uniq_jessica, uniq_robin
D:3:      layout_basic, nicolae_overflow_ecumenical_swirl, fedhas_altar_4,
          mainiacjoe_overflow_alcove_2, uniq_terence

Skill      XL: |  1  2  3  4 |
---------------+-------------+-----
Shields        | 3 |  3.6
Unarmed Combat | 3 4 |  4.3
Fighting       | 3 |  3.2
Dodging        | |  2.4

Action                     |  1- 3 |  4- 6 || total
---------------------------+-------+-------++-------
  Melee: Unarmed           |    90 |    52 ||   142
  Throw: Dart              |     1 |     3 ||     4
    Use: Scroll            |       |     3 ||     3
   Stab: Sleeping          |     1 |       ||     1
 Armour: Robe              |    37 |    19 ||    56
  Dodge: Dodged            |    22 |    10 ||    32
  Block: Kite shield       |    33 |    17 ||    50

Table legend: (Time is in decaauts)
 A = Elapsed time spent in this place.
 B = Non-inter-level travel time spent in this place.
 C = Inter-level travel time spent in this place.
 D = Time resting spent in this place.
 E = Time spent auto-exploring this place.
 F = Levels seen in this place.
 G = Mean time per level.
                   A        B        C        D        E       F      G
               +--------+--------+--------+--------+--------+-----+--------+
         Total |   1995 |   1958 |     37 |      6 |   1357 |   3 |  665.0 |
       Dungeon |   1995 |   1958 |     37 |      6 |   1357 |   3 |  665.0 |
               +--------+--------+--------+--------+--------+-----+--------+

Top non-repeatable levels by time:
     D:2: 1018 daAuts
     D:1: 811 daAuts
     D:3: 166 daAuts
